 Dungeon Crawl Stone Soup version 0.30-a0-122-g2a1322497e (webtiles) character file.

Game seed: 5806276727282618172

73 NinjaNoafa the Grasshopper (level 4, -1/36 HPs)
             Began as a Palentonga Warper on Sept 15, 2022.
             Slain by Natasha (6 damage)
             ... on level 2 of the Dungeon.
             The game lasted 00:04:06 (1862 turns).

NinjaNoafa the Grasshopper (Palentonga Warper)      Turns: 1862, Time: 00:04:07

Health: -1/36      AC:  4    Str: 17    XL:     4   Next: 8%
Magic:  7/7        EV:  9    Int: 15    God:
Gold:   55         SH:  0    Dex:  9    Spells: 8/8 levels left

rFire   . . .      SeeInvis +    h - +0 war axe
rCold   . . .      Faith    .    (no shield)
rNeg    . . .      Spirit   .    b - +0 leather armour
rPois   .          Reflect  .    (no helmet)
rElec   .          Harm     .    (no cloak)
rCorr   .          Rampage  .    (no gloves)
Will    .....                    (no barding)
Stlth   +.........               (no amulet)
HPRegen 0.12/turn                (no ring)
MPRegen 0.10/turn                (no ring)

@: no status effects
A: large, rugged brown scales 3, see invisible, deformed body, roll 1, armoured
tail
a: Rolling Charge


You were on level 2 of the Dungeon.
You visited 1 branch of the dungeon, and saw 2 of its levels.

You collected 55 gold pieces.

Inventory:

Hand Weapons
 h - a +0 war axe (weapon)
Missiles
 d - 7 boomerangs of dispersal
 e - 23 stones
 i - 5 javelins (quivered)
Armour
 b - a +0 leather armour (worn)
Potions
 j - a potion of invisibility {unknown}


   Skills:
 + Level 2.7 Fighting
 + Level 2.7 Axes
 - Level 0.6 Throwing
 - Level 0.7 Armour
 - Level 1.5 Dodging
 + Level 2.6 Spellcasting
 + Level 3.5 Translocations


You had 8 spell levels left.
You didn't know any spells.
Your spell library contained the following spells:

 Spells                   Type           Power      Damage    Failure   Level
 Blink                    Tloc           24%        N/A       9%          2
 Gell's Gravitas          Tloc           12%        N/A       17%         3
 Lesser Beckoning         Tloc           12%        N/A       17%         3
 Teleport Other           Tloc           12%        N/A       17%         3
 Manifold Assault         Tloc           12%        N/A       50%         4


Dungeon Overview and Level Annotations

Branches:
Dungeon (2/15)

Altars:

Annotations:
D:2 Natasha


Innate Abilities, Weirdness & Mutations

You are completely covered in rugged brown scales. (AC +3, +7% HP)
You have supernaturally acute eyesight. (SInv)
Armour fits poorly on your strangely shaped body.
You can roll at nearby foes to attack.
You have a long armoured tail.


Message History

The orc priest closely misses you.
The orc wizard hits you with a +0 dagger.
The orc hits you with a +0 mace. The orc hits you but does no damage.
As you read the scroll labelled IRETEC USIO, it crumbles to dust.
You feel strangely unstable.
It was a scroll of teleportation.
The orc priest hits you with a +0 dagger.
The orc wizard barely misses you. The orc closely misses you.
The orc hits you with a +0 hand axe.
As you read the scroll labelled BEXKIX ZOMOUF, it crumbles to dust.
The scroll dissolves into smoke.
It was a scroll of fog.
The orc priest miscasts a cantrip.
The orc wizard hits you with a +0 dagger.
* * * LOW HITPOINT WARNING * * *
The orc hits you with a +0 mace.
* * * LOW HITPOINT WARNING * * *
The orc barely misses you.
Blink to where?
Press: ? - help, Dir - move target
As you read the scroll of blinking, it crumbles to dust.
Your surroundings suddenly seem different.
Natasha, a ball python, a quokka and a goblin come into view.
Natasha is carrying a wand of flame (22).
The ball python hisses angrily.
The goblin shouts!
As you read the scroll labelled SYLOSETHRAT, it crumbles to dust.
The creatures around you are filled with an inner flame!
It was a scroll of immolation.
The quokka twitches its whiskers.
The quokka barely misses you.
Throw: 6 javelins
Press: ? - help, Q - select action, (/) - cycle Shift-Dir - straight line, f - goblin
Aim: a goblin, wielding a +0 club (inner flame, 45% to hit)
You throw a javelin. The javelin pierces through the goblin.
Flame seeps out of the goblin.
The goblin is heavily wounded.
The goblin is engulfed in blazing flames.
The goblin explodes!
The quokka bites you.
* * * LOW HITPOINT WARNING * * *
Natasha claws you.
You die...

#.#.#........
#.....### #
#............
##......## #
###.#.###### ###.....#
# #.#.# ###...###
#.#.# ##...## #.#.#
#...## #.#.# #...##
#.#.############
##...#
#####.#.#....##.@S.#
#...#
..........##.##.rh.#
##..#
######....##.##.......
#....
#....##.##....§§...
#....
#....##.##.....○...
#....
#....##.##....§.§..
#....
#....##.########...
#.... #....##.# ##(
#.... #....##.#
.#####....


You could see Natasha (inner flame), a quokka (inner flame) and a ball python
(inner flame).

Vanquished Creatures
  Natasha (D:2)
  An adder (D:2)
  A worm (D:2)
  A dart slug (D:1)
  2 orcs (D:2)
  An endoplasm (D:1)
  2 giant cockroaches (D:1)
  5 goblins
  2 hobgoblins (D:2)
  2 jackals (D:1)
  A kobold (D:2)
  4 quokkas
  2 ball pythons (D:1)
  2 bats (D:1)
  2 frilled lizards
  3 rats
32 creatures vanquished.

Notes
Turn   | Place    | Note
-------+----------+-------------------------------------------
     0 | D:1      | NinjaNoafa the Palentonga Warper began the quest for the
                  | Orb.
     0 | D:1      | Reached XP level 1. HP: 17/17 MP: 3/3
    21 | D:1      | Found a faded altar of an unknown god.
   490 | D:1      | Reached XP level 2. HP: 23/23 MP: 5/5
  1183 | D:2      | Reached XP level 3. HP: 29/29 MP: 6/6
  1527 | D:2      | Noticed Natasha
  1537 | D:2      | Killed Natasha
  1765 | D:2      | Reached XP level 4. HP: 36/36 MP: 7/7
  1860 | D:2      | Noticed Natasha
  1862 | D:2      | Slain by Natasha

Illustrated notes

Levels and vault maps discovered:
D:1:      amcnicky_arrival_blooded_trapdoor, layout_loops_ring,
          shapermc_ecumenical_altar_venn, minivault_23, nicolae_eternal_life
D:2:      cheibrodos_pilgrimage, layout_basic, serial_curves, eino_curves_04,
          eino_curves_01, uniq_sigmund, uniq_natasha, uniq_terence

Action                   |  1- 3 |  4- 6 || total
-------------------------+-------+-------++-------
Melee: Hand axe          |    44 |       ||    44
       Tailslap          |     6 |       ||     6
       War axe           |    39 |     4 ||    43
Throw: Javelin           |       |     1 ||     1
 Abil: Rolling Charge    |    21 |     2 ||    23
  Use: Potion            |     1 |       ||     1
       Scroll            |       |     4 ||     4
Armor: Leather armour    |    30 |     1 ||    31
       Skin              |     6 |       ||     6
Dodge: Dodged            |    33 |     7 ||    40

Table legend: (Time is in decaauts)
 A = Elapsed time spent in this place.
 B = Non-inter-level travel time spent in this place.
 C = Inter-level travel time spent in this place.
 D = Time resting spent in this place.
 E = Time spent auto-exploring this place.
 F = Levels seen in this place.
 G = Mean time per level.
                   A        B        C        D        E       F      G
               +--------+--------+--------+--------+--------+-----+--------+
         Total |   1886 |   1874 |     12 |      0 |   1647 |   2 |  943.0 |
       Dungeon |   1886 |   1874 |     12 |      0 |   1647 |   2 |  943.0 |
               +--------+--------+--------+--------+--------+-----+--------+

Top non-repeatable levels by time:
     D:1: 1139 daAuts
     D:2: 746 daAuts
